 Dungeon Crawl Stone Soup version 0.30-a0-948-g4fa250aae5 (webtiles) character file.

Game seed: 3375732094318219573

385 bande the Covered (level 6, -3/39 HPs)
             Began as a Gargoyle Fighter on Mar 26, 2023.
             Killed from afar by Sigmund (9 damage)
             ... with a puff of flame
             ... on level 5 of the Dungeon.
             The game lasted 00:05:30 (4245 turns).

bande the Covered (Gargoyle Fighter)                Turns: 4245, Time: 00:05:30

Health: -3/39      AC: 17    Str: 20    XL:     6   Next: 77%
Magic:  6/6        EV:  5    Int:  8    God:
Gold:   216        SH:  5    Dex: 11    Spells: 5/5 levels left

rFire   . . .      SeeInvis .    a - +1 war axe
rCold   . . .      Faith    .    c - +1 buckler
rNeg    + . .      Spirit   .    f - +0 plate armour
rPois   ∞          Reflect  .    k - +0 helmet
rElec   +          Rampage  .    (no cloak)
rCorr   .                        (no gloves)
Will    .....                    (no boots) Stlth
                                 (no amulet)
HPRegen 0.26/turn                (no ring)
MPRegen 0.10/turn                (no ring)

@: mighty, flying
A: sickness immunity, AC +4, negative energy resistance 1, electricity
resistance, torment resistance 1, petrification resistance, big wings, sense
surroundings 1
a: no special abilities


You were on level 5 of the Dungeon.
You visited 1 branch of the dungeon, and saw 5 of its levels.

You collected 216 gold pieces.

Inventory:

Hand Weapons
 a - a +1 war axe (weapon)
 b - a +0 morningstar
Missiles
 q - 2 throwing nets (quivered)
Armour
 c - a +1 buckler (worn)
 f - a +0 plate armour (worn)
 k - a +0 helmet (worn)
Jewellery
 s - an amulet of the acrobat
Scrolls
 e - a scroll of enchant armour
 n - 7 scrolls of teleportation
 p - a scroll of butterflies
 r - a scroll of brand weapon {unknown}
 t - 3 scrolls of fear
 u - a scroll of vulnerability {unknown}
Potions
 d - 2 potions of might
 g - a potion of mutation
 h - 2 potions of invisibility {unknown}
 i - a potion of curing {unknown}
 j - a potion of flight {unknown}
 l - 2 potions of ambrosia {unknown}
 m - a potion of brilliance {unknown}
 o - a potion of cancellation {unknown}
 v - a potion of degeneration {unknown}


   Skills:
 + Level 4.7 Fighting
 + Level 4.4 Axes
 + Level 4.9 Armour
 + Level 3.9 Shields


You had 5 spell levels left.
You didn't know any spells.
Your spell library contained the following spells:

 Spells                   Type           Power      Damage    Failure   Level
 Blink                    Tloc           0%         N/A       100%        2
 Lesser Beckoning         Tloc           0%         N/A       100%        2
 Momentum Strike          Conj/Tloc      0%         3d8       100%        2
 Hailstorm                Conj/Ice       0%         3d3       100%        3
 Inner Flame              Hex/Fire       0%         N/A       100%        3
 Flame Wave               Conj/Fire      0%         2d4       100%        4
 Ice Form                 Ice/Tmut       0%         N/A       100%        4
 Sticky Flame             Conj/Fire      0%         2d3       100%        4
 Simulacrum               Ice/Necr       0%         N/A       100%        6


Dungeon Overview and Level Annotations

Branches:
Dungeon (5/15)
 Temple: D:4-7

Altars:
Uskayaw

Shops:
D:1 :   D:2 *

Annotations:
D:4 2 transporters, pigah's ghost, amateur OpWn
D:5 Sigmund


Innate Abilities, Weirdness & Mutations

You are immune to sickness and miasma.
Your stone body is resilient. (AC +4)
You are immune to poison.
You resist negative energy. (rN+)
You are resistant to electric shocks. (rElec)
You are resistant to unholy torment.
You are immune to petrification.
Your large and strong wings let you fly.
You passively map a small area around you.


Message History

Sigmund gestures wildly while chanting.
Sigmund flickers and vanishes!
Deactivating autopickup; reactivate with Ctrl-A.
The hound bites you but does no damage.
You barely miss the hound.
The hound is severely wounded.
You block the hound's attack. Something hits you.
A hobgoblin comes into view. It is wielding a +0 scythe.
The hound bites you but does no damage.
The hobgoblin shouts!
You slash the hound!
You kill the hound!
Something hits you but does no damage.
You hit something. Something hits you.
You miss something. Something hits you!
The hobgoblin hits you but does no damage.
You miss something.
The hobgoblin hits you from afar with a +0 scythe.
Something hits you.
You hit something.
The hobgoblin hits you from afar with a +0 scythe!
Something hits you!
* * * LOW HITPOINT WARNING * * *
You hit something.
The hobgoblin hits you from afar with a +0 scythe.
* * * LOW HITPOINT WARNING * * *
Something hits you but does no damage. You block the hobgoblin's attack.
You feel very mighty all of a sudden.
The hobgoblin hits you but does no damage.
You closely miss something. Something hits you but does no damage.
You block the hobgoblin's attack.
You hit something.
The hobgoblin hits you from afar with a +0 scythe.
* * * LOW HITPOINT WARNING * * *
Something completely misses you.
You miss something. The hobgoblin barely misses you.
You hear some strange, mumbled words.
A puff of flame appears from out of thin air!
The puff of flame hits you!
You die...

, , * , * * * #
, ,, ####. ,,,
*
......########
......{@.....##
.....g######..#
###### *,.....
##.## #....#
.... #..####
#.##.# * ...,*
##....###
#....###*##
####...#
.......#
###.####
.##....# ######
###....>
.##)##.# #....#
#.......


You could see a hobgoblin.

Vanquished Creatures
  A kobold brigand (D:4)
  2 orc priests
  A hound (D:5)
  3 orc wizards
  A gnoll (D:1)
  7 adders
  A worm (D:4)
  A dart slug (D:4)
  7 orcs
  3 bats
  6 endoplasms
  6 giant cockroaches
  7 goblins
  8 hobgoblins
  9 kobolds
  A quokka (D:1)
  8 ball pythons
  4 frilled lizards
  6 rats
82 creatures vanquished.

Vanquished Creatures (others)
  9 plants (D:4)
9 creatures vanquished.

Grand Total: 91 creatures vanquished

Notes
Turn   | Place    | Note
-------+----------+-------------------------------------------
     0 | D:1      | bande the Gargoyle Fighter began the quest for the Orb.
     0 | D:1      | Reached XP level 1. HP: 14/14 MP: 1/1
    61 | D:1      | Reached XP level 2. HP: 19/19 MP: 2/2
   383 | D:1      | Found Qugotz's Vocational Training.
   421 | D:1      | Reached XP level 3. HP: 20/24 MP: 3/3
  1045 | D:2      | Found Folon's Assorted Antiques.
  1248 | D:2      | Reached XP level 4. HP: 27/29 MP: 4/4
  1391 | D:2      | Gained mutation: Your large and strong wings let you fly.
                  | [potion of mutation]
  1391 | D:2      | Gained mutation: You passively map a small area around you.
                  | [potion of mutation]
  2280 | D:3      | Reached XP level 5. HP: 33/33 MP: 5/5
  2355 | D:3      | Found a faded altar of an unknown god.
  3234 | D:4      | Reached XP level 6. HP: 20/39 MP: 6/6
  3356 | D:4      | Found a hide-covered altar of Uskayaw.
  3441 | D:4      | Noticed pigah's ghost (amateur OpWn)
  3442 | D:4      | Found a transporter.
  3442 | D:4      | Found a transporter.
  4149 | D:5      | Entered Level 5 of the Dungeon
  4230 | D:5      | Noticed Sigmund
  4245 | D:5      | Killed from afar by Sigmund

Illustrated notes

Levels and vault maps discovered:
D:1:      dpeg_arrival_round_a, layout_basic, nicolae_shop_vocational
D:2:      layout_basic, serial_shops, nicolae_shop_behind_doors,
          nicolae_kite_square_tiling_tiny
D:3:      layout_basic, nicolae_ecumenical_snake_handling, grunt_ministairs_10,
          guppyfry_early_lair_pool
D:4:      layout_basic, mainiacjoe_overflow_boulevard, gammafunk_ghost_smash,
          st_stairs_13, hangedman_decor_peaks_small, minmay_fountain_box,
          minmay_misc_feat_ornament, lexackson_kobold_supper
D:5:      layout_basic, minmay_temple_entry_wispy, nrook_pool_corridor,
          sigmund_army

Skill      XL: |  1  2  3  4  5  6 |
---------------+-------------------+-----
Axes           | 2 3 4 |  4.4
Fighting       | 4 |  4.7
Armour         | 4 |  4.9
Shields        | |  3.9

Action                     |  1- 3 |  4- 6 || total
---------------------------+-------+-------++-------
  Melee: War axe           |   104 |   154 ||   258
    Use: Scroll            |       |     9 ||     9
         Potion            |       |     2 ||     2
 Armour: Scale mail        |    68 |     5 ||    73
         Plate armour      |       |   110 ||   110
  Dodge: Dodged            |    52 |    41 ||    93
  Block: Buckler           |    18 |    43 ||    61

Table legend: (Time is in decaauts)
 A = Elapsed time spent in this place.
 B = Non-inter-level travel time spent in this place.
 C = Inter-level travel time spent in this place.
 D = Time resting spent in this place.
 E = Time spent auto-exploring this place.
 F = Levels seen in this place.
 G = Mean time per level.
                   A        B        C        D        E       F      G
               +--------+--------+--------+--------+--------+-----+--------+
         Total |   4344 |   4254 |     90 |    475 |   3016 |   5 |  868.8 |
       Dungeon |   4344 |   4254 |     90 |    475 |   3016 |   5 |  868.8 |
               +--------+--------+--------+--------+--------+-----+--------+

Top non-repeatable levels by time:
     D:3: 1167 daAuts
     D:1: 1061 daAuts
     D:4: 1011 daAuts
     D:2: 1004 daAuts
     D:5: 99 daAuts
